AoeStats
← [ KOF ] M. Kowalski

Arena

504510086Analyzed
2v2 RM · 25d ago on Sep 5, 2026· 66m 34s· 4 players
Game mode
Random Map
Map size
Medium (4 player)
Population
200
Speed
Normal
Resources
Standard
Victory
Conquest
Starting age
Dark Age
Ending age
Imperial Age
RankedLock teamsTeams togetherTeam positionsShared explorationLock speedFull tech treeHidden civsTurbo modeCheats
Victory
Defeat
🇩🇪 Turks · Germany
1585
+13
🇩🇪 Slavs · Germany
1554
+14
🇵🇪 Teutons · Peru
1694
-20
🇦🇷 Bohemians · Argentina
1326
-7
[ KOF ] M. Kowalski
4:59 Loom
12:37 Feudal Age
16:52 Castle Age
15:49 Town Watch
16:08 Double-Bit Axe
19:59 Bow Saw
25:23 Wheelbarrow
27:08 Redemption
38:42 Imperial Age
36:24 Fletching
38:37 Chemistry
37:58 Ballistics
38:07 Fervor
40:37 Bodkin Arrow
40:29 Houfnice
42:10 Wagenburg Tactics
44:16 Pikeman
45:07 Bracer
[KOF] ReKieM
6:21 Loom
8:43 Feudal Age
9:50 Double-Bit Axe
11:21 Town Watch
17:23 Fletching
21:37 Wheelbarrow
25:38 Castle Age
23:50 Gold Mining
25:25 Scale Barding Armor
25:52 Forging
26:26 Bloodlines
26:43 Horse Collar
31:45 Bow Saw
32:13 Chain Barding Armor
35:45 Iron Casting
40:03 Imperial Age
38:33 Bodkin Arrow
38:32 Stone Mining
39:14 Hand Cart
39:43 Heavy Plow
40:07 Capped Ram
41:41 Plate Barding Armor
40:36 Cavalier
41:48 Conscription
42:44 Blast Furnace
42:37 Paladin
45:35 Crenellations
46:09 Onager
47:50 Chemistry
49:03 Crop Rotation
49:35 Hoardings
56:30 Siege Engineers
56:36 Masonry
56:48 Ironclad
57:30 Siege Onager
59:37 Padded Archer Armor
61:55 Two-Man Saw
60:46 Sappers
66:10 Scale Mail Armor
67:06 Chain Mail Armor
Kumpe
10:21 Feudal Age
14:29 Castle Age
14:19 Horse Collar
14:31 Double-Bit Axe
22:06 Loom
22:57 Wheelbarrow
28:37 Imperial Age
29:17 Masonry
30:08 Scale Barding Armor
30:14 Forging
33:33 Hand Cart
34:11 Iron Casting
36:21 Gold Mining
38:51 Bloodlines
38:42 Husbandry
41:04 Light Cavalry
42:58 Husbandry
44:31 Chain Barding Armor
45:12 Blast Furnace
44:00 Hussar
52:16 Squires
54:00 Scale Mail Armor
54:01 Pikeman
55:44 Chain Mail Armor
57:53 Plate Mail Armor
57:00 Halberdier
60:37 Capped Ram
Mario
10:29 Feudal Age
9:16 Loom
15:17 Castle Age
15:08 Double-Bit Axe
17:27 Horse Collar
22:09 Gold Mining
27:43 Imperial Age
28:38 Padded Archer Armor
34:35 Wheelbarrow
34:54 Fletching
34:57 Stone Mining
38:07 Devotion
41:56 Bow Saw
42:39 Elite Janissary
45:02 Heavy Plow
48:32 Leather Archer Armor
49:06 Hand Cart
48:37 Town Watch
50:07 Conscription
50:28 Ballistics
50:07 Bodkin Arrow
53:03 Ring Archer Armor
52:34 Bracer
55:29 Masonry
61:10 Hoardings
64:15 Two-Man Saw
63:45 Scale Barding Armor
64:28 Coinage
66:20 Chain Barding Armor
66:11 Forging
66:48 Husbandry
66:59 Bloodlines
Connection lost

Rejoining the realm…

Still unreachable

The connection could not be restored.

Session expired

The server has moved on; the page needs a fresh start.